 Dungeon Crawl Stone Soup version 0.28.0-53-g5a82cb258f (webtiles) character file.

Game seed: 12256408527934259759

1376 DocClef the Cleaver (level 8, 0/69 (71) HPs)
             Began as a Red Draconian Fighter on June 15, 2022.
             Slain by a wight
             ... wielding a +5 dagger
              (9 damage)
             ... on level 6 of the Dungeon.
             The game lasted 00:05:05 (6165 turns).

DocClef the Cleaver (Red Draconian Fighter)         Turns: 6165, Time: 00:05:06

HP:   0/69 (71)     AC:  7    Str: 21    XL:     8   Next: 39%
MP:   8/8           EV: 12    Int:  8    God:
Gold: 256           SH:  4    Dex: 11    Spells: 7/7 levels left

rFire   + . .      SeeInvis .   a - +0 war axe
rCold   . . .      Faith    .   b - +0 buckler
rNeg    . . .      Spirit   .   (armour unavailable)
rPois   .          Reflect  .   (helmet restricted)
rElec   .          Harm     .   i - +0 cloak
rCorr   .          Rampage  .   (no gloves)
Will    .....                   (no boots)
Stlth   +.........              (no amulet)
HPRegen 0.21/turn               (no ring)
MPRegen 0.11/turn               (no ring)

@: short of breath, mesmerised, slowed, lightly drained, very slow
A: breathe fire, AC +6, unfitting armour, fire resistance 1, cold-blooded
a: Breathe Fire


You were on level 6 of the Dungeon.
You visited 1 branch of the dungeon, and saw 6 of its levels.

You collected 256 gold pieces.

Inventory:

Hand Weapons
 a - a +0 war axe (weapon)
Missiles
 d - 2 throwing nets (quivered)
Armour
 b - a +0 buckler (worn)
 i - a +0 cloak (worn)
Jewellery
 k - a ring of magical power
Wands
 j - a wand of flame (24)
 l - a wand of acid (11)
Scrolls
 f - a scroll of identify {unknown}
 g - 2 scrolls of fog {unknown}
 h - a scroll of vulnerability {unknown}
 m - a scroll of torment {unknown}
 n - a scroll of noise {unknown}
 o - a scroll of acquirement {unknown}
Potions
 c - 3 potions of might
 e - a potion of ambrosia {unknown}
 p - 2 potions of heal wounds


   Skills:
 + Level 6.6 Fighting
 + Level 9.2 Axes
 - Level 2.6 Dodging
 - Level 3.0 Shields


You had 7 spell levels left.
You didn't know any spells.
Your spell library contained the following spells:

 Spells                   Type           Power      Damage    Failure   Level
 Magic Dart               Conj           0%         1d3       50%         1
 Searing Ray              Conj           0%         2d4       65%         2
 Fulminant Prism          Conj/Hex       0%         3d6       99%         4


Dungeon Overview and Level Annotations

Branches:
Dungeon (6/15)
 Temple: D:4-7

Altars:

Annotations:
D:6 Maggie


Innate Abilities, Weirdness & Mutations

You can breathe blasts of fire.
Your fiery red scales are hard. (AC +6)
You cannot fit into any form of body armour.
Your flesh is heat resistant. (rF+)
You are cold-blooded and may be slowed by cold attacks.


Message History

Press: ? - help, Shift-Dir - straight line, f - wight
Aim: a wight, wielding a +2 short sword and wearing a +0 robe (68% to hit)
You breathe a blast of fire.
The fiery breath hits the wight.
The wight is moderately damaged.
The fiery breath misses the wight.
The fiery breath hits the wight!
The wight is heavily damaged.
The fiery breath hits the wight.
The wight is lightly damaged.
The wight hits you with a +1 war axe of freezing!
The wight freezes you.
You completely miss the wight. You tail-slap the wight.
The wight is heavily damaged.
You hit the wight but do no damage. The wight barely misses you.
Unknown command.
You hit the wight.
You tail-slap the wight, but do no damage.
The wight is severely damaged.
You hit the wight. You hit the wight but do no damage.
The wight hits you with a +5 dagger.
The wight hits you with a +3 great sword!
You block the wight's attack.
You barely miss the wight.
You tail-slap the wight, but do no damage.
The wight is lightly damaged.
You hit the wight. You closely miss the wight. You barely miss the wight.
The wight hits you with a +5 dagger.
* * * LOW HITPOINT WARNING * * *
The wight hits you with a +1 war axe of freezing.
* * * LOW HITPOINT WARNING * * *
You feel yourself slow down. The wight freezes you.
* * * LOW HITPOINT WARNING * * *
You block the wight's attack. The wight closely misses you.
You hit the wight but do no damage.
The wight is severely damaged.
You completely miss the wight. You hit the wight but do no damage.
You closely miss the wight. The wight hits you but does no damage.
Maggie gives herself a magical halo, but it quickly sputters out.
The wight hits you but does no damage. The wight barely misses you.
The wight closely misses you. The wight hits you with a +5 dagger!
You die...

######.### #
......#[# # ##.
....... .# ....
..... ..##
...#######..####
###....
#..............
...@.
#........z##### ...#
#.......@z@..○##..[#
#...>...zz###..)...#
.######.######
####...# ......).#
...# .......<# #..#
........# ....
........# ..###
#.#####.# .# . #.#
.#


You could see Maggie (mesmerising) and 4 wights.

Vanquished Creatures
  Eustachio (D:5)
  An ice beast (D:3)
  A sky beast (D:5)
  2 ogres
  A water moccasin zombie (D:5)
  4 killer bees (D:5)
  3 water moccasin skeletons
  A wight (D:6)
  A howler monkey (D:4)
  2 hounds
  An orc priest (D:4)
  2 jellies
  2 orc wizards (D:5)
  Terence (D:2)
  A mummy (D:5)
  7 gnolls
  5 adders
  2 dart slugs
  11 orcs
  7 ball pythons
  4 bats
  6 endoplasms
  A giant cockroach (D:1)
  A goblin (D:4)
  7 hobgoblins
  2 jackals (D:3)
  6 kobolds
  3 quokkas
  4 frilled lizards
  A hobgoblin zombie (D:5)
  2 kobold zombies (D:5)
  An orc zombie (D:5)
  6 rats
100 creatures vanquished.

Notes
Turn   | Place    | Note
-------+----------+-------------------------------------------
     0 | D:1      | DocClef the Draconian Fighter began the quest for the Orb.
     0 | D:1      | Reached XP level 1. HP: 19/19 MP: 1/1
   163 | D:1      | Reached XP level 2. HP: 14/27 MP: 2/2
   382 | D:1      | Found a faded altar of an unknown god.
  1417 | D:2      | Noticed Terence
  1420 | D:2      | Reached XP level 3. HP: 32/33 MP: 3/3
  1430 | D:2      | Killed Terence
  1431 | D:2      | Reached skill level 3 in Axes
  2141 | D:3      | Reached XP level 4. HP: 39/40 MP: 4/4
  2491 | D:3      | Noticed an ice beast
  2500 | D:3      | Killed an ice beast
  2501 | D:3      | Reached skill level 4 in Axes
  2501 | D:3      | Reached XP level 5. HP: 4/47 MP: 5/5
  3023 | D:3      | Reached skill level 5 in Axes
  3329 | D:3      | Noticed an ogre
  3336 | D:3      | Killed an ogre
  3337 | D:3      | Reached skill level 5 in Fighting
  3337 | D:3      | Reached XP level 6. HP: 29/56 MP: 6/6
  3808 | D:4      | Reached skill level 6 in Axes
  4146 | D:4      | Your scales start taking on a fiery red colour.
  4146 | D:4      | Reached XP level 7. HP: 61/61 MP: 7/7
  4146 | D:4      | Gained mutation: Your flesh is heat resistant. (rF+) [Red
                  | Draconian growth]
  4630 | D:5      | Entered Level 5 of the Dungeon
  4662 | D:5      | Reached skill level 7 in Axes
  4955 | D:5      | Reached skill level 8 in Axes
  5247 | D:5      | Reached XP level 8. HP: 42/70 MP: 8/8
  5294 | D:5      | Noticed Eustachio
  5584 | D:5      | Killed Eustachio
  5876 | D:5      | Reached skill level 9 in Axes
  6152 | D:6      | Noticed Maggie
  6165 | D:6      | Slain by a wight

Illustrated notes

Levels and vault maps discovered:
D:1:      lightli_molten_gateway, layout_loops_ring,
          hellmonk_ecumenical_altar_heavens_door, st_stairs_1
D:2:      layout_basic, uniq_terence
D:3:      layout_basic, kennysheep_generic_room_11
D:4:      layout_basic
D:5:      layout_basic, minmay_mini_ossuary, uniq_eustachio
D:6:      layout_rooms, slow_altar_1, minmay_temple_entry_poolview,
          serial_shops, nicolae_shop_window_shopping, sigmund_edmund_badplayer,
          uniq_duvessa, uniq_crazy_yiuf_cottage, uniq_maggie, uniq_menkaure

Skill      XL: |  1  2  3  4  5  6  7  8 |
---------------+-------------------------+-----
Fighting       | 4 5 6 |  6.6
Axes           | 3 4 5 6 8 9 |  9.2
Dodging        | |  2.6
Shields        | |  3.0

Action                   |  1- 3 |  4- 6 |  7- 9 || total
-------------------------+-------+-------+-------++-------
Melee: War axe           |    92 |    95 |   164 ||   351
       Tailslap          |     8 |    10 |    18 ||    36
 Abil: Breathe Fire      |       |       |     9 ||     9
  Use: Potion            |       |       |     1 ||     1
 Stab: Sleeping          |     1 |     2 |       ||     3
Armor: Skin              |    28 |    26 |    99 ||   153
Dodge: Dodged            |    48 |    57 |   116 ||   221
Block: Buckler           |    25 |    12 |    53 ||    90
